 Dungeon Crawl Stone Soup version 0.25-a0-578-gc91f01c39c (webtiles) character file.

Game seed: 10317101225188986110, levelgen mode: deterministic

58279 Flugslaktarn the Severer (level 14, -9/150 HPs)
             Began as a Deep Dwarf Fighter on Mar 4, 2020.
             Was the Champion of Makhleb.
             Mangled by an enormous slime creature (73 damage)
             ... summoned by a centaur warrior
             ... on level 15 of the Dungeon.
             The game lasted 00:09:50 (11609 turns).

Flugslaktarn the Severer (Deep Dwarf Fighter)      Turns: 11609, Time: 00:09:51

Health: -9/150     AC: 17    Str: 23    XL:     14   Next: 48%
Magic:  0/9        EV:  8    Int: 15    God:    Makhleb [******]
Gold:   956        SH: 18    Dex:  8    Spells: 13/13 levels left

rFire    . . .     SeeInvis .   n - +5 broad axe (flame)
rCold    + + +     Gourm    .   c - +0 kite shield
rNeg     + + +     Faith    .   D - +1 chain mail "Vimadan" {rC+++ Int+4 Dex-4 Stlth-} (curse)
rPois    .         Spirit   +   R - +2 hat of the Bear Spirit {Spirit, +Rage rN+ MR++}
rElec    .         Reflect  +   (no cloak)
rCorr    .         Harm     .   l - +0 pair of gloves
MR       ++++.                  (no boots)
Stlth    ..........             u - +6 amulet of reflection
HPRegen  0.00/turn              y - ring of positive energy
MPRegen  0.11/turn              (no ring)

@: non-regenerating, slowed, very slow
A: damage resistance, heal wounds, rugged brown scales 1, negative energy
resistance 1, sense surroundings 2, robust 1, no regeneration
a: Heal Wounds, Minor Destruction, Lesser Servant of Makhleb, Major Destruction,
Greater Servant of Makhleb, Renounce Religion, Evoke Berserk Rage


You were on level 15 of the Dungeon.
You worshipped Makhleb.
Makhleb was exalted by your worship.
You were not hungry.

You visited 2 branches of the dungeon, and saw 16 of its levels.
You visited the Abyss 1 time.
You also visited: Bailey and Ice Cave.

You collected 1053 gold pieces.
You spent 97 gold pieces at shops.

Inventory:

Hand Weapons
 a - a +1 war axe
 j - a +1 scimitar of flaming
   (You took it off Erica on level 8 of the Dungeon)
 n - a +5 broad axe of flaming (weapon)
   (You took it off a death knight on level 12 of the Dungeon)
Missiles
 f - 2 throwing nets (quivered)
Armour
 b - a +0 scale mail
 c - a +0 kite shield (worn)
 k - a +2 helmet
   (You found it on level 2 of the Dungeon)
 l - a +0 pair of gloves (worn)
   (You found it on level 2 of the Dungeon)
 D - the cursed +1 chain mail "Vimadan" (worn) {rC+++ Int+4 Dex-4 Stlth-}
   (You found it on level 9 of the Dungeon)

   It affects your intelligence (+4).
   It affects your dexterity (-4).
   It renders you almost immune to cold.
   It makes you less stealthy.
   If you remove this armour, your AC will decrease by 13 (17 -> 4).
   It has a curse placed upon it.
 N - a +0 plate armour
   (You took it off an orc warrior on level 6 of the Dungeon)
 R - the +2 hat of the Bear Spirit (worn) {Spirit, +Rage rN+ MR++}
   (You found it on level 13 of the Dungeon)

   It protects you from negative energy.
   It affects your resistance to hostile enchantments.
   It lets you go berserk.
   If you remove this armour, your AC will decrease by 2 (17 -> 15).
Jewellery
 u - a +6 amulet of reflection (around neck)
   (You found it on level 6 of the Dungeon)
 y - a ring of positive energy (left hand)
   (You found it on level 6 of the Dungeon)
Wands
 p - a wand of clouds (6)
   (You found it in an ice cave)
 v - a wand of digging (3)
   (You found it on level 11 of the Dungeon)
 E - a wand of iceblast (23)
   (You found it on level 9 of the Dungeon)
 F - a wand of paralysis (19)
   (You found it on level 9 of the Dungeon)
 J - a wand of acid (6)
   (You found it on level 9 of the Dungeon)
 L - a wand of scattershot (5)
   (You found it on level 10 of the Dungeon)
Scrolls
 m - a scroll of torment {unknown}
 r - 8 scrolls of identify
 s - 4 scrolls of fear
 t - 3 scrolls of teleportation
 x - 6 scrolls of remove curse
 z - a scroll of holy word {unknown}
 C - a scroll of fog
 H - a scroll of blinking {unknown}
 O - 2 scrolls of magic mapping {unknown}
 P - a scroll of silence {unknown}
 S - 2 scrolls of immolation
Potions
 d - a potion of might
 g - 3 potions of lignification
 h - 3 potions of haste
 i - 3 potions of cancellation
 o - 2 potions of ambrosia {unknown}
 q - 5 potions of curing
 w - 3 potions of heal wounds
 A - 5 potions of flight
 B - 2 potions of mutation
 G - 2 potions of brilliance
 I - a potion of berserk rage {unknown}
 K - 3 potions of stabbing {unknown}
 M - a potion of magic {unknown}
Comestibles
 e - 20 rations
 Q - 9 chunks of flesh


   Skills:
 + Level 10.4 Fighting
 * Level 16.0 Axes
 + Level 12.0 Armour
 + Level 12.0 Shields
 + Level 12.3 Invocations


You had 13 spell levels left.
You didn't know any spells.
Your spell library was empty.

Dungeon Overview and Level Annotations

Branches:
Dungeon (15/15)            Temple (1/1) D:6            Lair (0/6) D:10
    Orc (0/2) D:12         Vaults (0/5) D:13         Depths (0/5) D:15
 Bailey (visited)           IceCv (visited)

Altars:
Elyvilon
Gozag
Hepliaklqana
Makhleb
Ru
Sif Muna
Trog
Vehumet
Wu Jian
Yredelemnul
Zin
The Shining One

Shops:
D:5 ?   D:10 (

Annotations:
D:11 1 runed translucent door


Innate Abilities, Weirdness & Mutations

You are resistant to damage.
You can heal yourself by infusing magical energy.
You resist negative energy. (rN+)
You passively map the area around you.
You do not regenerate.
You are partially covered in rugged brown scales. (AC +1, +3% HP)
You are robust. (+10% HP)


Message History

The slime creature is heavily wounded.
You barely miss the wraith. You block the wraith's attack.
Two slime creatures merge to form a large slime creature.
You barely miss the large slime creature.
The large slime creature is moderately wounded.
You slash the wraith! You burn the wraith.
Two slime creatures merge to form an enormous slime creature.
The wraith hits you. The wraith drains your vigour!
You feel yourself slow down.
You closely miss the wraith.
The wraith is moderately damaged.
You slash the enormous slime creature! You burn the enormous slime creature.
You block the enormous slime creature's attack.
You block the wraith's attack.
You hit the enormous slime creature. You burn the enormous slime creature.
The enormous slime creature is moderately wounded.
You hit the wraith. You burn the wraith.
The enormous slime creature hits you!!! You block the wraith's attack.
The enormous slime creature hits you!!!!
You die...

##### ##### #...# ###### ##...#
#...# .....# .....#
#######...#####.....#
.....###........@WY........#
..........####'##Jc........#
.......)...##.8.##(........#
............##...##........#####
.............##...##...........#
..............##...##..........#
........###....''.8.''.........#
#######.# ##..##...##..........#
# #.###..##...##..#........#


You could see an enormous slime creature, a centaur warrior, a wraith and an ice
beast.

Vanquished Creatures
  A frost giant (IceCv)
  Snorg (D:13)
  An ogre mage (D:13)
  2 hydras (D:13)
  A rakshasa (D:15)
  2 catoblepae
  Erica (D:8)
  3 centaur warriors
  A death knight (D:12)
  A two-headed ogre (D:13)
  2 death yaks (IceCv)
  A tengu warrior (D:15)
  2 thrashing horrors (Abyss:2)
  Urug (D:13)
  A wretched star (Abyss:2)
  3 skeletal warriors (D:12)
  4 wizards
  A deep elf archer (D:13)
  Pikel (D:4)
  A necromancer (D:15)
  An ugly thing (D:12)
  8 deep elf magi
  4 manticores
  2 cyclopes
  3 centaur zombies
  A naga mage (D:15)
  An ice statue (IceCv)
  3 gargoyles
  Maggie (D:8)
  4 kobold demonologists (D:14)
  3 yaktaurs (D:13)
  A redback zombie (D:15)
  A komodo dragon (shapeshifter) (D:14)
  A tengu conjurer (D:15)
  4 efreet
  2 komodo dragons
  A freezing wraith (D:12)
  5 trolls
  15 polar bears (IceCv)
  3 meliai (D:15)
  Grinder (D:4)
  3 raiju (Abyss:2)
  14 slime creatures
  A hippogriff (D:13)
  An ice dragon skeleton (Abyss:2)
  23 yaks
  3 wraiths
  2 vampires
  3 wyverns
  A ynoxinul (Abyss:2)
  2 hungry ghosts
  A chaos spawn (Abyss:2)
  4 vampire mosquitoes (D:12)
  2 wargs (D:10)
  Menkaure (D:4)
  A water moccasin (D:15)
  3 sky beasts
  11 orc warriors
  13 ice beasts
  A slave (D:4)
  4 phantoms
  3 black bears
  9 ogres
  A small abomination (Abyss:2)
  8 wolves (IceCv)
  8 centaurs
  A crocodile (D:13)
  3 big kobolds (D:14)
  13 bullfrogs
  A wyvern zombie (D:8)
  3 scorpions
  9 killer bees
  11 wights
  A howler monkey (D:10)
  7 crimson imps
  4 hounds
  6 jellies
  11 orc priests
  5 centaur skeletons
  7 bullfrog skeletons
  9 iguanas
  17 orc wizards
  8 worker ants
  A hound skeleton (D:5)
  A worker ant zombie (D:10)
  9 gnolls
  15 adders
  3 shadow imps
  A dart slug (D:1)
  5 leopard geckos
  72 orcs
  7 giant cockroaches
  10 goblins
  6 hobgoblins
  8 jackals
  14 kobolds
  2 quokkas
  2 ball pythons
  2 frilled lizards
  3 rats
496 creatures vanquished.

Vanquished Creatures (collateral kills)
  2 hydras
2 creatures vanquished.

Vanquished Creatures (others)
  2 yaktaurs (D:13)
  2 wolves (IceCv)
  A centaur (D:9)
  2 kobolds (Bailey)
7 creatures vanquished.

Grand Total: 505 creatures vanquished

Notes
Turn   | Place    | Note
-------+----------+-------------------------------------------
     0 | D:1      | Flugslaktarn the Deep Dwarf Fighter began the quest for the
                  | Orb.
     0 | D:1      | Reached XP level 1. HP: 20/20 MP: 1/1
   167 | D:1      | Reached XP level 2. HP: 12/27 MP: 2/2
   255 | D:1      | Reached skill level 3 in Axes
   275 | D:1      | Reached XP level 3. HP: 30/33 MP: 3/3
   413 | D:4      | Noticed a phantom
   432 | D:4      | Reached XP level 4. HP: 36/42 MP: 4/4
   506 | D:4      | Killed a phantom
   506 | D:4      | Reached skill level 4 in Axes
   506 | D:4      | Reached XP level 5. HP: 32/49 MP: 5/5
   523 | D:4      | Noticed Grinder
   568 | D:4      | Paralysed by Grinder for 2 turns
   574 | D:4      | Paralysed by Grinder for 4 turns
   589 | D:4      | Killed Grinder
   589 | D:4      | Reached skill level 5 in Axes
   589 | D:4      | Reached XP level 6. HP: 51/57 MP: 5/5
   680 | D:5      | Entered Level 5 of the Dungeon
   698 | D:4      | Noticed a slave
   699 | D:4      | Noticed Pikel
   699 | D:4      | Noticed a slave
   699 | D:4      | Noticed a slave
   708 | D:4      | Noticed a slave
   728 | D:4      | Killed a slave
   747 | D:4      | Killed Pikel
   747 | D:4      | Reached skill level 6 in Axes
   747 | D:4      | Reached skill level 5 in Armour
   747 | D:4      | Reached skill level 5 in Shields
   747 | D:4      | Reached XP level 7. HP: 43/66 MP: 5/5
   822 | D:4      | Reached XP level 8. HP: 62/73 MP: 6/6
  1235 | D:4      | Noticed Menkaure
  1238 | D:4      | Killed Menkaure
  1238 | D:4      | Reached skill level 7 in Axes
  1437 | D:5      | Found Uzutuet's Magic Scroll Shop.
  1440 | D:5      | Bought a scroll of enchant armour for 97 gold pieces
  2062 | D:5      | Gained mutation: You are robust. (+10% HP) [potion of
                  | mutation]
  2062 | D:5      | Gained mutation: You are partially covered in rugged brown
                  | scales. (AC +1, +3% HP) [potion of mutation]
  2295 | D:6      | Reached skill level 5 in Fighting
  2366 | D:6      | Found a staircase to the Ecumenical Temple.
  2377 | Temple   | Entered the Ecumenical Temple
  2415 | Temple   | Became a worshipper of Makhleb the Destroyer
  2446 | D:6      | Reached skill level 1 in Invocations
  2446 | D:6      | Reached skill level 8 in Axes
  2761 | D:6      | Gained mutation: You passively map the area around you.
                  | [Deep Dwarf growth]
  2761 | D:6      | Reached XP level 9. HP: 79/91 MP: 8/8
  2997 | D:6      | Reached * piety under Makhleb
  3251 | D:7      | Noticed a green ugly thing
  3297 | D:7      | Reached skill level 9 in Axes
  4124 | D:8      | Reached ** piety under Makhleb
  4155 | D:8      | Noticed Maggie
  4180 | D:8      | Killed Maggie
  4216 | D:8      | Noticed a manticore
  4234 | D:8      | Killed a manticore
  4234 | D:8      | Reached skill level 10 in Axes
  4234 | D:8      | Reached XP level 10. HP: 61/102 MP: 11/11
  4259 | D:8      | Found a bloodstained altar of Trog.
  4310 | D:8      | Reached skill level 5 in Invocations
  4462 | D:8      | Noticed Erica
  4486 | D:8      | Killed Erica
  4971 | D:9      | Got a dazzling chain mail
  4982 | D:9      | Identified the cursed +1 chain mail "Vimadan" {rC+++ Int+4
                  | Dex-4 Stlth-} (You found it on level 9 of the Dungeon)
  5277 | D:9      | Reached *** piety under Makhleb
  5796 | D:10     | Entered Level 10 of the Dungeon
  5825 | D:10     | Reached skill level 11 in Axes
  6035 | D:10     | Found a staircase to the Lair.
  6197 | D:10     | Found Volismez's Weapon Shoppe.
  6304 | D:11     | Noticed a seven-headed hydra
  6351 | D:10     | Killed a ten-headed hydra
  6351 | D:10     | Reached XP level 11. HP: 58/113 MP: 12/12
  6418 | D:11     | Found a white marble altar of Elyvilon.
  6418 | D:11     | Noticed an angel
  6421 | D:11     | Found a runed translucent door.
  6481 | D:11     | Noticed a four-headed hydra
  6498 | D:11     | Killed a seven-headed hydra
  6652 | D:11     | Noticed a catoblepas
  6695 | D:11     | Killed a catoblepas
  7266 | D:12     | Noticed a skeletal warrior
  7266 | D:12     | Noticed a skeletal warrior
  7267 | D:12     | Found a frozen archway.
  7267 | D:12     | Noticed a death knight
  7267 | D:12     | Noticed a skeletal warrior
  7308 | D:12     | Killed a skeletal warrior
  7308 | D:12     | Reached skill level 12 in Axes
  7309 | D:12     | Killed a skeletal warrior
  7309 | D:12     | Killed a skeletal warrior
  7309 | D:12     | Reached **** piety under Makhleb
  7310 | D:12     | Killed a death knight
  7487 | D:12     | Found a white marble altar of Elyvilon.
  7566 | D:12     | Noticed a cyan ugly thing
  7580 | D:12     | Killed a cyan ugly thing
  7610 | D:12     | Reached XP level 12. HP: 122/124 MP: 13/13
  7682 | D:12     | Found a staircase to the Orcish Mines.
  7876 | D:12     | Reached skill level 13 in Axes
  7944 | IceCv    | Entered an ice cave
  7992 | IceCv    | Reached ***** piety under Makhleb
  7996 | IceCv    | Identified Losukaim's Compendium of Beguiling and the Birds
  8033 | IceCv    | Reached skill level 10 in Armour
  8104 | IceCv    | Reached skill level 10 in Shields
  8108 | IceCv    | Noticed a death yak
  8116 | IceCv    | Killed a death yak
  8249 | IceCv    | Noticed a frost giant
  8249 | IceCv    | Noticed a death yak
  8265 | IceCv    | Killed a death yak
  8289 | IceCv    | Killed a frost giant
  8289 | IceCv    | Reached skill level 10 in Invocations
  8305 | IceCv    | Reached skill level 14 in Axes
  8343 | IceCv    | Identified the Compendium of Snow
  8566 | D:13     | Reached XP level 13. HP: 126/136 MP: 14/14
  8794 | D:13     | Noticed Snorg
  8815 | D:13     | Killed Snorg
  8856 | D:13     | Found a flagged portal.
  8861 | Bailey   | Entered a bailey
  9109 | D:13     | Reached ****** piety under Makhleb
  9145 | D:13     | Noticed Urug
  9169 | D:13     | Paralysed by an ogre mage for 4 turns
  9184 | D:13     | Killed Urug
  9195 | D:13     | Reached skill level 15 in Axes
  9198 | D:13     | Found the +2 hat of the Bear Spirit {Spirit, +Rage rN+
                  | MR++}
  9444 | D:13     | Cast into level 2 of the Abyss (a wizard)
  9498 | Abyss:2  | Found a corrupted altar of Lugonu.
  9536 | Abyss:2  | Found a corrupted altar of Lugonu.
  9646 | D:13     | Escaped the Abyss
  9767 | D:13     | Found a gate to the Vaults.
 10193 | D:14     | Reached skill level 10 in Fighting
 10193 | D:14     | Gained mutation: You resist negative energy. (rN+) [Deep
                  | Dwarf growth]
 10193 | D:14     | Reached XP level 14. HP: 148/149 MP: 0/9
 10803 | D:15     | Entered Level 15 of the Dungeon
 10966 | D:15     | Found an opulent altar of Gozag.
 11422 | D:15     | Found a staircase to the Depths.
 11431 | D:15     | Reached skill level 16 in Axes
 11609 | D:15     | Mangled by an enormous slime creature

Levels and vault maps discovered:
D:1:      lemuel_arrival_muddy, layout_loops_ring, minmay_misc_feat_iff,
          roderic_serpentine_path
D:2:      layout_loops_ring, grunt_qazlal_clouds
D:3:      layout_basic, first_ration, hellmonk_ghost_happy_afterlife
D:4:      layout_loops_ring, uniq_pikel, uniq_grinder, uniq_menkaure
D:5:      layout_basic, enter_ossuary_2, serial_shops, nicolae_shop_stone
D:6:      layout_basic, minmay_temple_entry_offerings,
          minmay_misc_feat_more_columns
D:7:      layout_gridville, grunt_ogre_cave, lightli_corner_chamber
D:8:      layout_basic, basic_altar, uniq_maggie, uniq_erica
D:9:      layout_layer_cave, special_room [special_room_orc]
D:10:     layout_roguey, erik_lair_orcish_takeover, serial_shops, shop,
          chequers_serial_rivers_micro_a
D:11:     layout_long_grid, grunt_ministairs_15, lemuel_angel_altar
D:12:     layout_roguey, david_orc_4, portal_ice_cave_entry_ice_beasts,
          elyvilon_altar_4
D:13:     layout_loops_ring, hangedman_vaults_entry_quadrant_bands,
          enter_bailey_3, lightli_wizard_tower, uniq_snorg, uniq_urug
D:14:     layout_irregular_city
D:15:     grunt_enter_depths_magical_seal, layout_irregular_city,
          nicolae_gozag_cash_rules_everything_around_me, grunt_decor_arrowhead
Temple:   compressed_dpeg_triangle_lava_temple

Skill      XL: |  1  2  3  4  5  6  7  8  9 10 11 12 13 14 |
---------------+-------------------------------------------+-----
Axes           | 3 4 5 6 8 10 11 12 14 15 16 | 16.0
Fighting       | 3 4 5 6 7 8 9 10 | 10.4
Armour         | 4 5 6 7 8 9 10 11 12 | 12.0
Shields        | 4 5 6 7 8 9 10 11 12 | 12.0
Invocations    | 2 4 6 8 10 11 12 | 12.3

Action                   |  1- 3 |  4- 6 |  7- 9 | 10-12 | 13-15 || total
-------------------------+-------+-------+-------+-------+-------++-------
Melee: War axe           |   118 |   133 |   436 |   508 |       ||  1195
       Broad axe         |       |       |       |   324 |   574 ||   898
Invok: Lesser Servant of |       |       |       |     5 |       ||     5
 Abil: Heal Wounds       |     4 |    10 |    20 |    18 |    30 ||    82
  Use: Scroll            |       |       |     8 |    15 |     2 ||    25
       Potion            |       |       |     1 |     2 |       ||     3
  Eat: Chunk             |       |       |    16 |    12 |    13 ||    41
       Ration            |       |       |       |     1 |       ||     1
Armor: Scale mail        |    68 |    67 |    62 |       |       ||   197
       Plate armour      |       |       |   139 |    82 |       ||   221
       Chain mail        |       |       |       |   302 |   253 ||   555
Dodge: Dodged            |    40 |    23 |    85 |   167 |   110 ||   425
Block: Kite shield       |    65 |    77 |   284 |   846 |   527 ||  1799
       Reflection        |       |       |     6 |    17 |    51 ||    74

Table legend:
 A = Non-vault XP
 B = Vault XP
 C = Vault XP percentage of total XP
 D = Non-vault monster count
 E = Vault monster count
 F = Vault count percentage of total count
                 A         B        C        D         E       F
            +---------+---------+-------+---------+---------+-------
      Total |   50746 |   32511 |  39.0 |     349 |     153 |  30.5
            +---------+---------+-------+---------+---------+-------
        D:1 |      50 |       0 |   0.0 |      21 |       0 |   0.0
        D:2 |      13 |       0 |   0.0 |       7 |       0 |   0.0
        D:3 |      28 |       0 |   0.0 |       7 |       0 |   0.0
        D:4 |     474 |    1058 |  69.1 |      18 |       3 |  14.3
        D:5 |     209 |       0 |   0.0 |      11 |       0 |   0.0
        D:6 |    1597 |       0 |   0.0 |      40 |       0 |   0.0
        D:7 |     620 |     122 |  16.4 |      24 |       1 |   4.0
        D:8 |    1743 |    1332 |  43.3 |      23 |       2 |   8.0
        D:9 |    1173 |     618 |  34.5 |      20 |      25 |  55.6
       D:10 |    1201 |    1281 |  51.6 |      15 |      11 |  42.3
       D:11 |    3195 |      49 |   1.5 |      14 |       4 |  22.2
       D:12 |    7807 |    1777 |  18.5 |      33 |      27 |  45.0
       D:13 |   11005 |   10036 |  47.7 |      42 |      26 |  38.2
       D:14 |    9148 |       0 |   0.0 |      43 |       0 |   0.0
       D:15 |    8241 |    4162 |  33.6 |      20 |       8 |  28.6
    Abyss:2 |    4242 |       0 |   0.0 |      11 |       0 |   0.0
     Bailey |       0 |       8 | 100.0 |       0 |       5 | 100.0
      IceCv |       0 |   12068 | 100.0 |       0 |      41 | 100.0
            +---------+---------+-------+---------+---------+-------
